[Event "Titled Tuesday Blitz August 22 Early 2023"]
[White "Rasulov, Vugar"]
[Black "Mendez Fortes, Eduardo Jesus"]
[WhiteFideId "13402390"]
[BlackFideId "3502376"]
[WhiteElo "2887"]
[BlackElo "2634"]
[Result "1-0"]
[Round "3"]
[TimeControl "180+1"]
[Date "2023.08.22"]
[WhiteClock "0:00:04"]
[BlackClock "0:00:00"]
[Board "37"]

1. d4 Nf6 2. c4 e6 3. Nf3 d5 4. g3 dxc4 5. Bg2 a6 6. Ne5 Bb4+ 7. Nc3 Nd5 8. Bd2 b5 9. O-O Bxc3 10. bxc3 Bb7 11. a4 c6 12. Qb1 Qc8 13. e4 Ne7 14. Qb4 Nd7 15. axb5 cxb5 16. f4 f6 17. Ng4 Qc7 18. Ne3 Kf7 19. f5 exf5 20. Nxf5 Nxf5 21. Rxf5 Rhe8 22. Bf4 Qb6 23. Rh5 Bxe4 24. Bxe4 Rxe4 25. Rxb5 Qxb5 26. Qxb5 axb5 27. Rxa8 b4 28. Ra7 Ke6 29. d5+ Ke7 30. cxb4 c3 31. Rc7 Rxb4 32. Rxc3 Rd4 33. d6+ Ke6 34. Rc7 g5 35. Be3 Rxd6 36. Kf2 h5 37. Ke2 Ne5 38. Rh7 Kf5 39. Rxh5 Re6 40. Kf1 Kg6 41. Rh8 Nf7 42. Rg8+ Kh7 43. Rf8 Kg7 44. Bc5 Ne5 45. Ra8 Rc6 46. Bd4 Nf3 47. Rd8 Nxh2+ 48. Ke2 Ng4 49. Kf3 Nh6 50. Ke4 Kg6 51. Kd5 Ra6 52. Bc3 Nf5 53. Be1 Ra1 54. Re8 Rd1+ 55. Kc4 Rc1+ 56. Kd3 Rc7 57. Bf2 Re7 58. Rg8+ Kf7 59. Ra8 Rd7+ 60. Ke4 Nd6+ 61. Kf3 Kg6 62. Ra6 Nf7 63. Be3 Ne5+ 64. Kg2 Kf5 65. Bc5 Rd2+ 66. Kf1 Rc2 67. Bd4 Ng4 68. Rb6 Ke4 69. Bxf6 Kf3 70. Ke1 Ne3 71. Rb2 Rc1+ 72. Kd2 Rd1+ 73. Kc3 Nd5+ 74. Kc2 Ne3+ 75. Kb3 Rd3+ 76. Ka4 g4 77. Be5 Nf5 78. Rb8 Nxg3 79. Kb4 Re3 80. Rf8+ Kg2 81. Bc7 Re4+ 82. Kc3 Re3+ 83. Kd2 Rf3 84. Rg8 Ne4+ 85. Ke2 g3 86. Be5 Nc3+ 87. Kd2 1-0


[Site "https://www.chess.com"]

[Event "Titled Tuesday Blitz August 22 Early 2023"]
[White "Sun, Rick"]
[Black "Harsh Suresh"]
[WhiteFideId "30909481"]
[BlackFideId "45018464"]
[WhiteElo "2634"]
[BlackElo "2879"]
[Result "0-1"]
[Round "3"]
[TimeControl "180+1"]
[Date "2023.08.22"]
[WhiteClock "0:00:00"]
[BlackClock "0:00:19"]
[Board "38"]

1. d4 g6 2. Nc3 Nf6 3. e4 d5 4. e5 Ne4 5. Bd3 Nxc3 6. bxc3 c5 7. Nf3 Bg7 8. O-O O-O 9. Bg5 Nc6 10. Qd2 Bg4 11. Qf4 Bxf3 12. gxf3 f6 13. exf6 exf6 14. Bh6 c4 15. Bxg7 Kxg7 16. Be2 Qb8 17. Qg4 Qc8 18. Rab1 b6 19. Rfe1 h5 20. Qg3 Qd7 21. f4 Kf7 22. Bf3 Ne7 23. Qg2 Rad8 24. a4 Qxa4 25. Rxe7+ Kxe7 26. Re1+ Kd6 27. Bxd5 Rde8 28. Rf1 Qxc2 29. Bb7 Qa4 30. Qd5+ Kc7 31. Rb1 Qd7 32. Qf3 Qg4+ 33. Qxg4 hxg4 34. Bg2 Rb8 35. Bd5 b5 36. Ra1 Kb6 37. Re1 Rbe8 38. Ra1 Rd8 39. Be6 f5 40. Rb1 Kc6 41. Kg2 Rf6 42. d5+ Kc5 43. Ra1 Kb6 44. Rb1 a5 45. f3 gxf3+ 46. Kxf3 Kc5 47. h4 b4 48. cxb4+ axb4 49. Ke3 c3 50. Ra1 Kc4 51. Ra6 b3 52. Rc6+ Kb4 53. Kd3 Rxe6 54. Rxe6 Rxd5+ 55. Ke2 c2 56. Rb6+ Rb5 0-1


[Site "https://www.chess.com"]

[Event "Titled Tuesday Blitz August 22 Early 2023"]
[White "Sharan, Rao"]
[Black "Yeletsky, Ivan"]
[WhiteFideId "5073464"]
[BlackFideId "24180327"]
[WhiteElo "2627"]
[BlackElo "2876"]
[Result "1-0"]
[Round "3"]
[TimeControl "180+1"]
[Date "2023.08.22"]
[WhiteClock "0:00:07"]
[BlackClock "0:00:00"]
[Board "39"]

1. d4 Nf6 2. Bf4 d6 3. Nf3 g6 4. Nbd2 Bg7 5. c3 O-O 6. e4 Nc6 7. Be2 Nd7 8. d5 Nce5 9. Nxe5 Nxe5 10. Be3 e6 11. O-O exd5 12. exd5 Re8 13. Nf3 Ng4 14. Bd4 Nf6 15. Re1 Bd7 16. Qb3 b6 17. Rad1 a5 18. Be3 Ne4 19. h3 Nc5 20. Qc2 Rxe3 21. fxe3 Qe7 22. Bf1 h5 23. e4 Re8 24. Bc4 b5 25. Bf1 b4 26. cxb4 axb4 27. Bc4 Ba4 28. b3 Bd7 29. e5 dxe5 30. d6 cxd6 31. Qxg6 Ne6 32. Qxh5 Nf4 33. Qg5 Kf8 34. Qxe7+ Kxe7 35. Ng5 Rc8 36. Nxf7 Rxc4 37. bxc4 Kxf7 38. Rxd6 Be6 39. c5 Bxa2 40. c6 Ne6 41. c7 Nxc7 42. Rd7+ Kg6 43. Rxc7 b3 44. Rb7 Bf6 45. Kh1 Kf5 46. Re3 Bg5 47. Rexb3 Bxb3 48. Rxb3 e4 49. Kg1 Kf4 50. Kf1 Bf6 51. Rb8 Ke3 52. Rb7 Bh4 53. Rd7 Bg3 54. Rd5 Bh4 55. Rh5 Bg3 56. Rh7 Kd2 57. h4 Kd3 58. h5 e3 59. Rd7+ Ke4 60. Ke2 Bf4 61. Rb7 Kf5 62. Rg7 Kf6 63. Rg6+ Kf7 64. g4 1-0


[Site "https://www.chess.com"]

[Event "Titled Tuesday Blitz August 22 Early 2023"]
[White "Cordova, Emilio"]
[Black "Vlassov, Nikolai"]
[WhiteFideId "3801497"]
[BlackFideId "4103360"]
[WhiteElo "2867"]
[BlackElo "2619"]
[Result "1-0"]
[Round "3"]
[TimeControl "180+1"]
[Date "2023.08.22"]
[WhiteClock "0:00:24"]
[BlackClock "0:00:06"]
[Board "40"]

1. Nf3 c5 2. e3 g6 3. c4 Bg7 4. Nc3 Nf6 5. d4 d5 6. cxd5 Nxd5 7. Qb3 Nxc3 8. bxc3 O-O 9. Ba3 Nd7 10. Bb5 b6 11. Bc6 Rb8 12. Rd1 Qc7 13. Be4 Ba6 14. Qa4 Qc8 15. Bd3 Bxd3 16. Rxd3 e5 17. Rd1 exd4 18. cxd4 b5 19. Qa5 b4 20. Bc1 c4 21. O-O b3 22. axb3 cxb3 23. Ba3 Re8 24. Rb1 Nf6 25. Rfc1 Qe6 26. Rc7 a6 27. Ng5 Qd5 28. Rc5 Qd7 29. Bb2 h6 30. Nf3 Ne4 31. Rc7 Qd5 32. Qxd5 1-0


[Site "https://www.chess.com"]

[Event "Titled Tuesday Blitz August 22 Early 2023"]
[White "Ibadov, Dashgyn"]
[Black "Lenderman, Aleksandr"]
[WhiteFideId "24107514"]
[BlackFideId "2021285"]
[WhiteElo "2578"]
[BlackElo "2863"]
[Result "1/2-1/2"]
[Round "3"]
[TimeControl "180+1"]
[Date "2023.08.22"]
[WhiteClock "0:00:18"]
[BlackClock "0:00:37"]
[Board "41"]

1. e4 d5 2. exd5 Nf6 3. c4 c6 4. dxc6 Nxc6 5. Nf3 e5 6. d3 Bc5 7. Be2 O-O 8. O-O Bf5 9. Nc3 h6 10. a3 a5 11. Qc2 Re8 12. Ne4 Bxe4 13. dxe4 a4 14. Bd2 Qb6 15. h3 Nd4 16. Nxd4 Bxd4 17. Bc3 Bxc3 18. bxc3 Qc6 19. Rab1 Qxe4 20. Qxe4 Nxe4 21. Rxb7 Nxc3 22. Bf3 e4 23. Rc1 exf3 24. Rxc3 Re1+ 25. Kh2 fxg2 26. Kxg2 Ra6 27. c5 Rg6+ 28. Kf3 Rf6+ 29. Kg3 Rc6 30. Rb6 Rxb6 31. cxb6 Rb1 32. Rc6 Rb3+ 33. Kf4 Kh7 34. Ke5 Rxa3 35. Kd6 Rb3 36. Kc7 a3 37. b7 a2 38. Ra6 Rc3+ 39. Kd7 Rb3 40. Kc7 Rc3+ 41. Kd7 Rb3 42. Kc7 1/2-1/2


[Site "https://www.chess.com"]

[Event "Titled Tuesday Blitz August 22 Early 2023"]
[White "Molina, Roberto Junio Brito"]
[Black "TimGrutter03"]
[WhiteFideId "2109450"]
[WhiteElo "2862"]
[BlackElo "2578"]
[Result "0-1"]
[Round "3"]
[TimeControl "180+1"]
[Date "2023.08.22"]
[WhiteClock "0:00:00"]
[BlackClock "0:00:43"]
[Board "42"]

1. d4 Nf6 2. Nf3 e6 3. e3 b6 4. Bd3 Bb7 5. O-O Be7 6. Qe2 d6 7. e4 O-O 8. c4 c5 9. d5 e5 10. Nc3 Nbd7 11. Bd2 g6 12. g3 Re8 13. Ne1 Bf8 14. Ng2 Bg7 15. Rae1 Nh5 16. Qd1 Nf8 17. f4 exf4 18. gxf4 Bc8 19. Qf3 Nd7 20. Kh1 Ndf6 21. e5 Bg4 22. Qf2 Nd7 23. exd6 Ndf6 24. Rxe8+ Nxe8 25. f5 Nxd6 26. fxg6 fxg6 27. Nf4 Nxf4 28. Bxf4 Bf5 29. Qe2 Bxd3 30. Qxd3 Qd7 31. b3 Rf8 32. Ne4 Qf5 0-1


[Site "https://www.chess.com"]

[Event "Titled Tuesday Blitz August 22 Early 2023"]
[White "Principe, Gerson"]
[Black "Mekhitarian, Krikor Sevag"]
[WhiteFideId "3804550"]
[BlackFideId "2107660"]
[WhiteElo "2575"]
[BlackElo "2860"]
[Result "0-1"]
[Round "3"]
[TimeControl "180+1"]
[Date "2023.08.22"]
[WhiteClock "0:00:06"]
[BlackClock "0:00:05"]
[Board "43"]

1. Nf3 d5 2. d4 Bf5 3. c4 e6 4. Nc3 Nf6 5. Qb3 Nc6 6. cxd5 exd5 7. Bg5 Na5 8. Qd1 c6 9. Bxf6 Qxf6 10. e3 Bd6 11. Be2 O-O 12. O-O Rfe8 13. Rc1 Nc4 14. b3 Nb6 15. Nb1 a5 16. a4 g5 17. Ne1 Bg6 18. Nd3 Qe7 19. Nc5 Bb8 20. g3 Nc8 21. Bd3 f5 22. Re1 Nd6 23. Bf1 Kg7 24. Bg2 h5 25. Nc3 h4 26. Nd3 Ne4 27. Qc2 Bd6 28. Ne2 Rh8 29. f4 hxg3 30. hxg3 Bh5 31. Ne5 Bxe2 32. Qxe2 Nxg3 33. Qf2 gxf4 34. Qxf4 Qh4 35. Qxh4 Rxh4 36. Nf3 Rh6 37. Nh2 Rah8 38. Nf1 Ne4 39. Rc2 Kf6 40. Bxe4 fxe4 41. Rg2 Ke6 42. Kf2 Rf6+ 43. Ke2 Rhf8 44. Nd2 Bb4 45. Rd1 Bxd2 46. Rxd2 Kd6 47. Rd1 Kc7 48. Rdg1 R8f7 49. Rh1 Kb6 50. Rhg1 Rf3 51. Rh1 Ka6 52. Rc1 Rh3 53. Rd1 Rff3 0-1


[Site "https://www.chess.com"]

[Event "Titled Tuesday Blitz August 22 Early 2023"]
[White "Elsa167"]
[Black "maksimys18"]
[WhiteElo "2859"]
[BlackElo "2572"]
[Result "1-0"]
[Round "3"]
[TimeControl "180+1"]
[Date "2023.08.22"]
[WhiteClock "0:01:03"]
[BlackClock "0:00:07"]
[Board "44"]

1. d4 e6 2. c4 d5 3. Nf3 Nf6 4. Nc3 Be7 5. Bg5 O-O 6. e3 h6 7. Bxf6 Bxf6 8. Rc1 b6 9. cxd5 exd5 10. b4 a5 11. b5 c6 12. bxc6 Nxc6 13. Bb5 Ne7 14. O-O Bg4 15. Be2 Rc8 16. Qb3 Qd6 17. h3 Bh5 18. Nb5 Qd7 19. Ne5 Bxe5 20. Bxh5 Bb8 21. Bg4 f5 22. Bf3 Kh8 23. g3 g5 24. Nc3 f4 25. Bg4 Qd6 26. Nb5 Qf6 27. Bxc8 fxg3 28. fxg3 Qg7 29. Rxf8+ Qxf8 30. Bg4 Bxg3 31. Rf1 Bh2+ 32. Kg2 Qb8 33. e4 Ng6 34. e5 Bf4 35. Qc2 Nh4+ 36. Kh1 Qe8 37. Qc8 Qxc8 38. Bxc8 Kg7 39. Bb7 Nf5 40. Rb1 h5 41. Bxd5 g4 42. hxg4 hxg4 43. Be6 Ne3 44. Bxg4 Nxg4 45. Rg1 1-0


[Site "https://www.chess.com"]

[Event "Titled Tuesday Blitz August 22 Early 2023"]
[White "Santos Flores, Alberto"]
[Black "Hambleton, Aman"]
[WhiteFideId "3601234"]
[BlackFideId "2606577"]
[WhiteElo "2563"]
[BlackElo "2858"]
[Result "0-1"]
[Round "3"]
[TimeControl "180+1"]
[Date "2023.08.22"]
[WhiteClock "0:00:03"]
[BlackClock "0:00:03"]
[Board "45"]

1. e4 c5 2. Nf3 e6 3. g3 Nc6 4. Bg2 Nf6 5. Qe2 e5 6. c3 d6 7. O-O Be7 8. Rd1 Bg4 9. h3 Bh5 10. d3 O-O 11. a4 a6 12. Nbd2 b5 13. axb5 axb5 14. Rxa8 Qxa8 15. Nf1 Qa2 16. Ne3 b4 17. Qc2 Rb8 18. Bd2 h6 19. Qc1 Bf8 20. Qa1 Ra8 21. Qxa2 Rxa2 22. Bc1 Bg6 23. Nc4 Nd7 24. Nh4 Be7 25. Nxg6 fxg6 26. h4 Kf7 27. Bh3 Nf8 28. Ne3 g5 29. hxg5 Bxg5 30. Kg2 g6 31. Kf3 h5 32. Bc8 Ke7 33. Bb7 Kd7 34. Bxc6+ Kxc6 35. Ke2 Ne6 36. Kf3 Nc7 37. Kg2 bxc3 38. bxc3 Nb5 39. c4 Nd4 40. Nd5 Bxc1 41. Rxc1 g5 42. Rb1 Kd7 43. Rb7+ Kc8 44. Rg7 g4 45. Rh7 Nf3 46. Ne3 Ra1 47. Nf1 Ne1+ 48. Kg1 Nf3+ 49. Kg2 Ne1+ 50. Kg1 Nxd3 51. Rxh5 Ra2 52. Rg5 Nxf2 53. Rg8+ Kd7 54. Ne3 Nxe4 55. Rxg4 Ra1+ 56. Kg2 Ra2+ 57. Kg1 Nd2 58. Rg7+ Ke6 59. Nd5 Nf3+ 60. Kf1 e4 61. g4 Ke5 62. Nb6 e3 63. Re7+ Kf4 64. Nd5+ Kg3 65. Rxe3 Rf2# 0-1


[Site "https://www.chess.com"]

[Event "Titled Tuesday Blitz August 22 Early 2023"]
[White "Ibrahimli, Murad"]
[Black "Keleberda, Tymur"]
[WhiteFideId "13410229"]
[BlackFideId "14174294"]
[WhiteElo "2856"]
[BlackElo "2548"]
[Result "1-0"]
[Round "3"]
[TimeControl "180+1"]
[Date "2023.08.22"]
[WhiteClock "0:01:48"]
[BlackClock "0:00:11"]
[Board "46"]

1. e4 c5 2. Nf3 d6 3. c3 Nf6 4. Bd3 Bg4 5. h3 Bh5 6. Bc2 e5 7. d3 Be7 8. Nbd2 Nc6 9. Nf1 d5 10. Ng3 Bg6 11. Qe2 d4 12. c4 a6 13. O-O O-O 14. Ba4 Qc7 15. Bxc6 Qxc6 16. Nxe5 Qc7 17. f4 Ne8 18. Nxg6 hxg6 19. e5 Qd7 20. f5 Nc7 21. e6 fxe6 22. fxg6 Rxf1+ 23. Kxf1 Qd6 24. Qh5 Bf6 25. Ne4 Qe5 26. Qh7+ Kf8 27. g3 Qf5+ 28. Kg2 b6 29. Bh6 Qh5 30. Bxg7+ 1-0


[Site "https://www.chess.com"]

[Event "Titled Tuesday Blitz August 22 Early 2023"]
[White "Kashefi, Amir Hosein"]
[Black "Maksimovic, Bojan"]
[WhiteFideId "12557935"]
[BlackFideId "14408120"]
[WhiteElo "2540"]
[BlackElo "2855"]
[Result "0-1"]
[Round "3"]
[TimeControl "180+1"]
[Date "2023.08.22"]
[WhiteClock "0:00:01"]
[BlackClock "0:00:04"]
[Board "47"]

1. d4 g6 2. Nf3 d6 3. g3 Bg7 4. Bg2 Nf6 5. O-O O-O 6. b3 a5 7. Bb2 a4 8. c4 axb3 9. axb3 Rxa1 10. Bxa1 Na6 11. Nbd2 c6 12. e4 Bg4 13. Bc3 Nd7 14. Qa1 c5 15. d5 Bxc3 16. Qxc3 Bxf3 17. Nxf3 Qb6 18. Bh3 Nf6 19. e5 Ne8 20. Re1 Qd8 21. Qe3 Nac7 22. Qh6 dxe5 23. Ng5 Nf6 24. Re4 Qa8 25. Rh4 Qa1+ 26. Bf1 Qc1 27. Nxf7 Qxh6 28. Nxh6+ Kg7 29. Rh3 Nce8 30. Be2 Nd6 31. Ng4 Nxg4 32. Bxg4 Ra8 33. Be6 Ra1+ 34. Kg2 Ra2 35. g4 e4 36. Re3 b6 37. g5 h6 38. h4 hxg5 39. hxg5 Rb2 40. Kg3 Rb1 41. f3 Rg1+ 42. Kf2 Rxg5 43. fxe4 Kf6 44. Rf3+ Ke5 45. Rf7 Nxf7 46. Bxf7 Kxe4 47. Ke2 Rg2+ 48. Kf1 Rg3 49. Ke2 Rxb3 50. Bxg6+ Kd4 51. Bf7 Re3+ 52. Kd2 Re5 53. Kc2 Rf5 54. Be6 Rf8 55. Kb3 Rd8 56. Bf7 Ra8 57. Be6 Rb8 58. Ka4 Ke5 59. Kb5 Kd6 60. Bf7 Kc7 61. Be6 Ra8 62. d6+ exd6 63. Bd5 Ra5# 0-1


[Site "https://www.chess.com"]

[Event "Titled Tuesday Blitz August 22 Early 2023"]
[White "Kravtsiv, Martyn"]
[Black "seopie"]
[WhiteFideId "14113147"]
[WhiteElo "2852"]
[BlackElo "2534"]
[Result "1-0"]
[Round "3"]
[TimeControl "180+1"]
[Date "2023.08.22"]
[WhiteClock "0:01:00"]
[BlackClock "0:01:32"]
[Board "48"]

1. e4 c5 2. Nf3 d6 3. Bb5+ Nd7 4. d4 cxd4 5. Qxd4 Nf6 6. O-O a6 7. Bxd7+ Bxd7 8. Bg5 h6 9. Bxf6 gxf6 10. c4 Rc8 11. Nc3 e6 12. Rac1 Be7 13. Rfe1 Qa5 14. a3 Qc5 15. Qd2 h5 16. Ne2 h4 17. h3 Qh5 18. Qd3 Kf8 19. c5 Rxc5 20. Nf4 Rxc1 21. Nxh5 Rxe1+ 22. Nxe1 Rxh5 23. Nf3 Bc6 24. Nd4 Bd7 25. b4 a5 26. Qc3 axb4 27. axb4 b5 28. Qc7 Be8 29. Qc8 d5 30. Nxb5 dxe4 31. Nc7 Bxb4 32. Qxe8+ Kg7 33. Nxe6+ 1-0


[Site "https://www.chess.com"]

[Event "Titled Tuesday Blitz August 22 Early 2023"]
[White "Karamsetty, Jeevan"]
[Black "Bachmann, Axel"]
[WhiteFideId "2025337"]
[BlackFideId "3700488"]
[WhiteElo "2528"]
[BlackElo "2848"]
[Result "0-1"]
[Round "3"]
[TimeControl "180+1"]
[Date "2023.08.22"]
[WhiteClock "0:00:54"]
[BlackClock "0:01:38"]
[Board "49"]

1. e4 c5 2. Nc3 e6 3. g3 d5 4. exd5 exd5 5. d4 cxd4 6. Qxd4 Nf6 7. Bg5 Nc6 8. Qa4 Bb4 9. O-O-O Bxc3 10. bxc3 h6 11. Be3 O-O 12. Bg2 Bf5 13. h3 Qe7 14. Ne2 Rac8 15. Nf4 Be4 16. Nxd5 Nxd5 17. Qxe4 Qxe4 18. Bxe4 Nxc3 19. Bf5 Nxd1 20. Bxc8 Nxe3 21. Bxb7 Na5 22. Be4 Nec4 23. g4 Re8 24. Bd3 Ne5 25. Be4 Nxg4 0-1


[Site "https://www.chess.com"]

[Event "Titled Tuesday Blitz August 22 Early 2023"]
[White "Astafurov, Arseniy"]
[Black "Timofeev, Artyom"]
[WhiteFideId "24175218"]
[BlackFideId "4140419"]
[WhiteElo "2424"]
[BlackElo "2847"]
[Result "1/2-1/2"]
[Round "3"]
[TimeControl "180+1"]
[Date "2023.08.22"]
[WhiteClock "0:00:10"]
[BlackClock "0:00:06"]
[Board "50"]

1. c4 e6 2. Nf3 d5 3. g3 Bd6 4. Bg2 Ne7 5. b3 O-O 6. O-O a5 7. d4 c6 8. Nbd2 a4 9. c5 Bc7 10. bxa4 b6 11. cxb6 Bxb6 12. Ba3 Ba6 13. Rc1 Bc7 14. Nb3 Bc4 15. Nfd2 Rxa4 16. Bxe7 Qxe7 17. Nc5 Rxa2 18. Nxc4 dxc4 19. Rxc4 e5 20. e3 Rd8 21. Qb1 Ra7 22. Qe4 Bd6 23. Nd3 exd4 24. Rxd4 Qf8 25. Rc1 g6 26. h4 Ra5 27. Nf4 Bxf4 28. Qxf4 Rxd4 29. Qxd4 c5 30. Qc4 Nd7 31. Qd5 Nf6 32. Qc6 Ng4 33. Bh3 Ne5 34. Qc7 Nd3 35. Rd1 Ra3 36. Bf1 c4 37. Qxc4 Ne5 38. Qe4 Ra5 39. Rd5 Rxd5 40. Qxd5 Qe7 41. Bg2 h5 42. Be4 Ng4 43. Bf3 Nf6 44. Qa8+ Kg7 45. Qb7 Qe5 46. Kg2 Qf5 47. Qc6 Qe5 48. Qb7 Qf5 49. Qc7 Qb5 50. Qe7 Qf5 51. e4 Qd7 52. Qe5 Qd8 53. Qc3 Qe7 54. Qd4 Qe6 55. Qe3 Qe5 56. Qd3 Ng8 57. Qd7 Ne7 58. Qd3 Nc6 59. Qd5 Qxd5 60. exd5 Nd4 61. Be4 Nb5 62. Bd3 Nd6 63. Kf3 Kf6 64. Kf4 Ke7 65. Kg5 Ne8 66. f3 Nc7 67. Bxg6 fxg6 68. Kxg6 Nxd5 69. Kxh5 Kf6 70. g4 Kg7 71. Kg5 Ne7 72. h5 Nd5 73. f4 Nc3 74. h6+ Kh7 75. Kh5 Nd5 76. f5 Nf6+ 77. Kg5 Nd5 78. Kh5 Nf6+ 79. Kh4 Kxh6 80. g5+ Kg7 81. gxf6+ Kxf6 82. Kg4 Kf7 83. Kg5 Kg7 84. f6+ Kf7 85. Kf5 Kf8 86. Kg6 Kg8 87. f7+ Kf8 88. Kf6 1/2-1/2


[Site "https://www.chess.com"]

[Event "Titled Tuesday Blitz August 22 Early 2023"]
[White "crosky"]
[Black "Piorun, Kacper"]
[BlackFideId "1130420"]
[WhiteElo "2356"]
[BlackElo "2844"]
[Result "0-1"]
[Round "3"]
[TimeControl "180+1"]
[Date "2023.08.22"]
[WhiteClock "0:01:06"]
[BlackClock "0:02:03"]
[Board "51"]

1. c4 g6 2. Nc3 Bg7 3. d4 c5 4. d5 Bxc3+ 5. bxc3 d6 6. h4 f5 7. h5 gxh5 8. e4 Nf6 9. Bg5 Qa5 10. Rc1 Nbd7 11. Be2 fxe4 12. Bxh5+ Kd8 13. Ne2 Ne5 14. Bxf6 Nd3+ 15. Kf1 exf6 16. Rb1 Kc7 17. Bg6 f5 18. Ng3 Qxa2 0-1


[Site "https://www.chess.com"]

[Event "Titled Tuesday Blitz August 22 Early 2023"]
[White "Osinovsky, Stepan"]
[Black "Dvirnyy, Danyyil"]
[WhiteFideId "4157354"]
[BlackFideId "817570"]
[WhiteElo "2319"]
[BlackElo "2835"]
[Result "0-1"]
[Round "3"]
[TimeControl "180+1"]
[Date "2023.08.22"]
[WhiteClock "0:00:00"]
[BlackClock "0:02:04"]
[Board "52"]

1. Nf3 d5 2. g3 g6 3. Bg2 Bg7 4. O-O e5 5. d3 Ne7 6. e4 dxe4 7. dxe4 Qxd1 8. Rxd1 Nbc6 9. c3 h6 10. a4 Bg4 11. Na3 a6 12. b4 O-O 13. Be3 f5 14. exf5 e4 15. f6 Bxf6 16. Bxh6 exf3 17. Bh1 Rfd8 18. h3 Bxh3 19. Bxf3 Bxc3 20. Rab1 Bxb4 21. Nc4 Be6 22. Ne3 a5 23. Ng4 Nd4 24. Rxd4 Rxd4 25. Nf6+ Kf7 26. Ne4 Bf5 27. Ng5+ Kf6 28. Rb3 Rh8 29. Re3 Rxh6 0-1


[Site "https://www.chess.com"]

[Event "Titled Tuesday Blitz August 22 Early 2023"]
[White "Acosta Cruz, Oscar Yosimar"]
[Black "Paichadze, Luka"]
[WhiteFideId "5111269"]
[BlackFideId "13602934"]
[WhiteElo "2271"]
[BlackElo "2830"]
[Result "0-1"]
[Round "3"]
[TimeControl "180+1"]
[Date "2023.08.22"]
[WhiteClock "0:00:05"]
[BlackClock "0:00:27"]
[Board "53"]

1. d4 Nf6 2. c4 e6 3. Nf3 Bb4+ 4. Bd2 a5 5. g3 b6 6. Bg2 Bb7 7. O-O O-O 8. a3 Bxd2 9. Qxd2 d6 10. Nc3 Nbd7 11. Qc2 Re8 12. e4 e5 13. Rfe1 a4 14. Rad1 exd4 15. Nxd4 Nc5 16. Nd5 Nfd7 17. f4 Ne6 18. Nb5 Rf8 19. f5 Bxd5 20. Rxd5 Nec5 21. e5 dxe5 22. Red1 Qe7 23. Nxc7 Rac8 24. Nb5 Nf6 25. Rd6 e4 26. Rxb6 Nd3 27. Rd6 Qe5 28. Bxe4 Nxe4 29. Rd2 Nxd6 0-1


[Site "https://www.chess.com"]

[Event "Titled Tuesday Blitz August 22 Early 2023"]
[White "Klukin, Kirill"]
[Black "parintele_chess"]
[WhiteFideId "24199273"]
[WhiteElo "2820"]
[BlackElo "2236"]
[Result "1-0"]
[Round "3"]
[TimeControl "180+1"]
[Date "2023.08.22"]
[WhiteClock "0:01:34"]
[BlackClock "0:00:15"]
[Board "54"]

1. d4 Nf6 2. Nf3 e6 3. e3 b6 4. Bd3 Bb7 5. O-O Be7 6. c4 d5 7. cxd5 Nxd5 8. e4 Nf6 9. Nc3 O-O 10. Qe2 c5 11. dxc5 Bxc5 12. Bg5 Be7 13. Rfd1 Nbd7 14. Bb5 a6 15. Bxf6 axb5 16. Qxb5 Bxf6 17. Qxd7 Qxd7 18. Rxd7 Bxc3 19. bxc3 Bxe4 20. Nd2 Bc6 21. Rc7 Rfc8 22. Rxc8+ Rxc8 23. Rb1 Bd5 24. Rxb6 Bxa2 25. f3 g6 26. Ra6 Bc4 27. Ra3 Bd5 28. Kf2 Ra8 29. Rxa8+ Bxa8 30. Ke3 Kf8 31. g3 Ke7 32. f4 Kd6 33. Kd4 f6 34. Nc4+ Kc6 35. Ne3 Kd6 36. Ng4 Ke7 37. c4 h5 38. Ne3 Bf3 39. c5 Kd7 40. Nc2 g5 41. fxg5 fxg5 42. Ke5 Kc6 43. Nd4+ Kxc5 44. Nxf3 h4 45. Nxg5 hxg3 46. hxg3 Kc4 47. Nxe6 Kd3 48. g4 Ke3 49. g5 Kf3 50. g6 Ke3 51. g7 Kf3 52. g8=Q Ke3 53. Qg3+ Ke2 54. Kd4 Kd2 55. Qf2+ Kc1 56. Kc3 Kb1 57. Qb2# 1-0


[Site "https://www.chess.com"]

[Event "Titled Tuesday Blitz August 22 Early 2023"]
[White "Naroditsky, Daniel"]
[Black "Zarubitski, Viachaslau"]
[WhiteFideId "2026961"]
[BlackFideId "13509373"]
[WhiteElo "3198"]
[BlackElo "2621"]
[Result "1-0"]
[Round "3"]
[TimeControl "180+1"]
[Date "2023.08.22"]
[WhiteClock "0:00:04"]
[BlackClock "0:00:00"]
[Board "55"]

1. e4 e5 2. Nf3 Nf6 3. Nc3 Nc6 4. g3 Bc5 5. Bg2 d6 6. d3 a5 7. O-O O-O 8. h3 Nd4 9. Be3 Nxf3+ 10. Qxf3 c6 11. Bxc5 dxc5 12. Qe3 Qd4 13. Qxd4 cxd4 14. Ne2 Ne8 15. f4 f6 16. c3 c5 17. Rac1 Nd6 18. cxd4 cxd4 19. Rc5 Re8 20. g4 Bd7 21. Rd5 Ra6 22. Nxd4 exd4 23. e5 Be6 24. Rxd6 Rxd6 25. exd6 Rd8 26. Re1 Bxa2 27. Ra1 Be6 28. f5 Bb3 29. Rxa5 Rxd6 30. Bxb7 h5 31. Kf2 hxg4 32. hxg4 Bc2 33. Be4 Rd8 34. b4 Kh7 35. b5 Rb8 36. Kg3 Kh6 37. Kf4 Kh7 38. g5 fxg5+ 39. Kxg5 Kg8 40. Ra8 Rxa8 41. Bxa8 Bxd3 42. b6 Ba6 43. b7 Bxb7 44. Bxb7 d3 45. Kg6 d2 46. Bd5+ Kf8 47. Bb3 d1=Q 48. Bxd1 Kg8 49. Bc2 Kh8 50. Kf7 Kh7 51. f6+ g6 52. Bxg6+ 1-0


[Site "https://www.chess.com"]

[Event "Titled Tuesday Blitz August 22 Early 2023"]
[White "Andreikin, Dmitry"]
[Black "Yurovskykh, Oleksandr"]
[WhiteFideId "4158814"]
[BlackFideId "14134020"]
[WhiteElo "2998"]
[BlackElo "2576"]
[Result "1-0"]
[Round "3"]
[TimeControl "180+1"]
[Date "2023.08.22"]
[WhiteClock "0:00:25"]
[BlackClock "0:00:04"]
[Board "56"]

1. d4 d5 2. Nf3 Nf6 3. c4 dxc4 4. e3 e6 5. Bxc4 c5 6. O-O Nc6 7. Nc3 cxd4 8. exd4 Be7 9. Qe2 O-O 10. Rd1 Na5 11. Bd3 b6 12. Bg5 Bb7 13. Ne5 Rc8 14. Rac1 Nd5 15. Qh5 g6 16. Nxg6 fxg6 17. Bxg6 hxg6 18. Qxg6+ Kh8 19. Qh6+ Kg8 20. Qg6+ Kh8 21. Rd3 Bxg5 22. Rh3+ Bh4 23. Qh6+ Kg8 24. Qg6+ Kh8 25. Qh6+ Kg8 26. Rxh4 Kf7 27. Qh7+ Ke8 28. Qg6+ Kd7 29. Rh7+ Ne7 30. Re1 Rc6 31. d5 Rd6 32. Rxe6 Nc4 33. Rexe7+ Qxe7 34. Qg4+ Kd8 35. Rxe7 Kxe7 36. Qxc4 Rd7 37. Qb4+ Ke8 38. f3 Rf6 39. Ne4 Rg6 40. Qc3 Kf7 41. h4 Bxd5 42. Ng5+ Ke7 43. Qe5+ Be6 44. h5 Rf6 45. Ne4 Rf5 46. Qg7+ Kd8 47. Qh8+ Kc7 48. h6 Rff7 49. Qe5+ Kb7 50. Qxe6 1-0


[Site "https://www.chess.com"]

[Event "Titled Tuesday Blitz August 22 Early 2023"]
[White "Pichot, Alan"]
[Black "Sadykov, Ramil"]
[WhiteFideId "110973"]
[BlackFideId "24113590"]
[WhiteElo "2899"]
[BlackElo "2615"]
[Result "1-0"]
[Round "3"]
[TimeControl "180+1"]
[Date "2023.08.22"]
[WhiteClock "0:01:12"]
[BlackClock "0:00:02"]
[Board "57"]

1. c4 e6 2. g3 d5 3. Bg2 Nf6 4. Nf3 Be7 5. O-O O-O 6. d4 c6 7. Qc2 Nbd7 8. Nbd2 b6 9. e4 dxe4 10. Nxe4 Nxe4 11. Qxe4 Ba6 12. b3 Rc8 13. Bf4 Nf6 14. Qc2 Bb7 15. Rad1 Bb4 16. Ne5 Qe7 17. Bg5 h6 18. Bxf6 gxf6 19. Ng4 Kg7 20. Qc1 Rh8 21. c5 bxc5 22. a3 h5 23. axb4 hxg4 24. dxc5 Ba6 25. Rfe1 f5 26. Rd6 Bb5 27. Qf4 Qf6 28. Red1 Rhd8 29. h4 gxh3 30. Bxh3 Rxd6 31. cxd6 Rd8 32. Qe3 e5 33. d7 f4 34. gxf4 Qxf4 35. Qxf4 exf4 36. Ra1 Kf6 37. Re1 Rh8 38. Re8 1-0


[Site "https://www.chess.com"]